 Dungeon Crawl Stone Soup version 0.32-a0-576-g706899e69d (webtiles) character file.

Game seed: 5053035541572091314

123 jasper the Chopper (level 4, -2/57 HPs)
             Began as a Mountain Dwarf Berserker on Mar 1, 2024.
             Was a Follower of Trog.
             Slain by Duvessa
             ... wielding a +0 rapier
              (8 damage)
             ... on level 4 of the Dungeon.
             The game lasted 00:04:33 (2226 turns).

jasper the Chopper (Mountain Dwarf Berserker)       Turns: 2226, Time: 00:04:33

Health: -2/57      AC:  9    Str: 22    XL:     4   Next: 80%
Magic:  4/4        EV:  8    Int:  7    God:    Trog [*.....]
Gold:   55         SH:  0    Dex:  9    Spells: 3/3 levels left

rFire   . . .        a - +0 hand axe
rCold   . . .        (no shield)
rNeg    . . .        o - +0 chain mail
rPois   .            (no helmet)
rElec   .            (no cloak)
rCorr   .            (no gloves)
SInv    .            n - +0 pair of boots
Will    .....        (no amulet) Stlth
                     (no ring)
HPRegen 0.29/turn    (no ring)
MPRegen 0.09/turn

%: no passive effects
@: berserking (expiring), very quick
A: runic magic, artefact enchanting
a: Renounce Religion, Berserk


You were on level 4 of the Dungeon.
You worshipped Trog.
Trog was aware of your devotion.
You visited 1 branch of the dungeon, and saw 4 of its levels.

You collected 77 gold pieces.
You spent 22 gold pieces at shops.

Inventory:

Hand Weapons
 a - a +0 hand axe (weapon)
 d - a +0 spear
 l - a +0 flail
 m - a +0 sling
Missiles
 j - 13 stones (quivered)
Armour
 b - a +0 animal skin
 g - a +0 leather armour
 n - a +0 pair of boots (worn)
 o - a +0 chain mail (worn)
Jewellery
 k - a ring of willpower
Talismans
 c - a beast talisman
Wands
 r - a wand of charming (9)
Scrolls
 f - a scroll of fear
 p - a scroll of identify
Potions
 e - a potion of cancellation
 h - a potion of mutation
 i - a potion of curing
 q - a potion of invisibility


   Skills:
 - Level 3.2 Fighting
 * Level 6.7 Axes
 - Level 2.1 Armour
 - Level 1.3 Dodging


You had 3 spell levels left.
You didn't know any spells.
Your spell library was empty.

Dungeon Overview and Level Annotations

Branches:
Dungeon (4/15)
 Temple: D:4-7

Altars:
Ashenzari
Hepliaklqana
Kikubaaqudgha
Makhleb
Nemelex Xobeh
Okawaru
Yredelemnul

Shops:
D:1 [   D:3 ??

Annotations:
D:2 Terence
D:4 Duvessa


Innate Abilities, Weirdness & Mutations

Your spellcasting is much less encumbered by armour.
You can use scrolls of enchantment on lesser artefacts.


Message History

Duvessa breaks down the door.
A red film seems to cover your vision as you go berserk!
You feel yourself moving faster!
You feel mighty! Duvessa hits you but does no damage.
You now have 57/57 hp.
You hit Duvessa but do no damage. Duvessa hits you with a +0 rapier!
You take 7 damage, and have 50/57 hp.
You barely miss Duvessa. Duvessa hits you with a +0 rapier.
You take 2 damage, and have 48/57 hp.
You hit Duvessa.
Duvessa is lightly wounded.
Duvessa hits you with a +0 rapier!
You take 8 damage, and have 40/57 hp.
You barely miss Duvessa.
Duvessa is lightly wounded.
Duvessa hits you but does no damage.
You slash Duvessa!
Duvessa is lightly wounded.
Duvessa hits you with a +0 rapier.
You take 5 damage, and have 35/57 hp.
You hit Duvessa but do no damage.
Duvessa is lightly wounded.
Duvessa hits you with a +0 rapier!
You take 11 damage, and have 24/57 hp.
You barely miss Duvessa.
Duvessa is lightly wounded.
Duvessa barely misses you.
You hit Duvessa but do no damage.
Duvessa is lightly wounded.
Duvessa hits you with a +0 rapier.
You take 4 damage, and have 20/57 hp.
You slash Duvessa!
Duvessa is heavily wounded.
Duvessa hits you with a +0 rapier!
* * * LOW HITPOINT WARNING * * *
You take 15 damage, and have 5/57 hp.
MASSIVE DAMAGE!!
You slash Duvessa!
Duvessa is severely wounded.
Duvessa hits you with a +0 rapier!
You die...

### ### #.##########.#
#............# #.......####.#
#..####.# #.# ##..#.##.#
#.############### #........#
#...............<
###.##################.......
#.........@e..# #.......
#####....####.# #.....>.
#....####'######...####
#.........e...##...#
#.............##...#
#.............##...#
#.........###..+...#
#.######### #.##...# #.#
..e.....##...#


You could see Duvessa (berserk).

Vanquished Creatures
  A scorpion (D:4)
  2 adders
  A ribbon worm (D:3)
  A dart slug (D:1)
  An orc (D:3)
  3 bats
  10 endoplasms
  3 giant cockroaches
  4 goblins
  2 kobolds
  3 quokkas (D:3)
  3 ball pythons
  3 frilled lizards
  3 rats
40 creatures vanquished.

Vanquished Creatures (others)
  Dowan (D:4)
1 creature vanquished.

Grand Total: 41 creatures vanquished

Notes
Turn   | Place    | Note
-------+----------+-------------------------------------------
     0 | D:1      | jasper the Mountain Dwarf Berserker began the quest for the
                  | Orb.
     0 | D:1      | Reached XP level 1. HP: 19/19 MP: 1/1
   160 | D:1      | Reached skill level 4 in Axes
   324 | D:1      | Reached XP level 2. HP: 23/26 MP: 2/2
   384 | D:1      | Found Ucohuget's Armour Emporium.
   683 | D:2      | Reached skill level 5 in Axes
   683 | D:2      | Reached XP level 3. HP: 31/31 MP: 3/3
   719 | D:2      | Noticed Terence
   778 | D:3      | Found Ycogaotu's Magic Scroll Shoppe.
   789 | D:3      | Bought a scroll of identify for 22 gold pieces
   804 | D:3      | Found Coesegy's Magic Scroll Shop.
  1004 | D:3      | Reached ** piety under Trog
  1143 | D:3      | Found a broken altar of Ashenzari.
  1146 | D:3      | Found a basalt altar of Yredelemnul.
  1147 | D:3      | Found a burning altar of Makhleb.
  1149 | D:3      | Found a sparkling altar of Nemelex Xobeh.
  1149 | D:3      | Found an ancient bone altar of Kikubaaqudgha.
  1150 | D:3      | Found an iron altar of Okawaru.
  1152 | D:3      | Found a hazy altar of Hepliaklqana.
  1958 | D:3      | Reached XP level 4. HP: 38/38 MP: 4/4
  2106 | D:4      | Noticed a scorpion
  2118 | D:4      | Killed a scorpion
  2119 | D:4      | Reached skill level 6 in Axes
  2200 | D:4      | Noticed Dowan
  2200 | D:4      | Noticed Duvessa
  2207 | D:4      | Your ally Dowan died
  2226 | D:4      | Slain by Duvessa

Illustrated notes

Levels and vault maps discovered:
D:1:      dpeg_arrival_tiny_f, layout_loops_cross, serial_shops, shop
D:2:      layout_rooms, hellmonk_ecumenical_altar_heavens_door,
          minmay_liquid_box, kennysheep_potato, uniq_terence
D:3:      layout_basic, nicolae_overflow_hallway_of_the_gods, serial_shops,
          nicolae_lakefront_shop, shop, kennysheep_nondescript, st_stairs_11
D:4:      layout_basic, temple_statues, uniq_duvessa

Skill      XL: |  1  2  3  4 |
---------------+-------------+-----
Axes           | 4 5 6 |  6.7
Fighting       | |  3.2
Armour         | |  2.1
Dodging        | |  1.3

Action                     |  1- 3 |  4- 6 || total
---------------------------+-------+-------++-------
  Melee: Hand axe          |   112 |    16 ||   128
  Throw: Stone             |     4 |       ||     4
 Invoke: Berserk           |     2 |     2 ||     4
  Evoke: Wand              |       |     1 ||     1
    Use: Scroll            |     7 |       ||     7
 Armour: Animal skin       |    11 |       ||    11
         Leather armour    |    42 |       ||    42
         Chain mail        |     1 |    12 ||    13
  Dodge: Dodged            |    49 |     4 ||    53

Table legend: (Time is in decaauts)
 A = Elapsed time spent in this place.
 B = Non-inter-level travel time spent in this place.
 C = Inter-level travel time spent in this place.
 D = Time resting spent in this place.
 E = Time spent auto-exploring this place.
 F = Levels seen in this place.
 G = Mean time per level.
                   A        B        C        D        E       F      G
               +--------+--------+--------+--------+--------+-----+--------+
         Total |   2253 |   2193 |     60 |    490 |   1183 |   4 |  563.2 |
       Dungeon |   2253 |   2193 |     60 |    490 |   1183 |   4 |  563.2 |
               +--------+--------+--------+--------+--------+-----+--------+

Top non-repeatable levels by time:
     D:3: 1334 daAuts
     D:1: 588 daAuts
     D:4: 168 daAuts
     D:2: 162 daAuts
